 Dungeon Crawl Stone Soup version 0.21-a0-39-g28ea6b7 (webtiles) character file.

548 KristoblXynda the Chopper (level 7, -4/57 HPs)
             Began as a Red Draconian Berserker on June 1, 2017.
             Was an Elder of Trog.
             Killed from afar by Ijyb (14 damage)
             ... with a wand of acid (?/15)
             ... on level 5 of the Dungeon.
             The game lasted 00:07:02 (3414 turns).

KristoblXynda the Chopper (Red Draconian Berserker) Turns: 3414, Time: 00:07:03

Health: -4/57      AC:  5    Str: 19    XL:     7   Next: 7%
Magic:  7/7        EV: 14    Int:  9    God:    Trog [****..]
Gold:   256        SH:  0    Dex: 11    Spells: 6/6 levels left

rFire    + . .     SeeInvis .   a - +1 hand axe
rCold    . . .     Gourm    .   (no shield)
rNeg     + . .     Faith    .   (armour unavailable)
rPois    .         Spirit   .   (helmet restricted)
rElec    .         Reflect  .   p - +2 cloak
rCorr    .         Harm     .   (no gloves)
MR       .....                  (no boots)
Stlth    +.........             (no amulet)
Regen    0.2/turn               q - ring of positive energy
MPRegen  0.1/turn               (no ring)

@: corroded
A: breathe fire, unfitting armour, fire resistance 1, cold-blooded, AC +6
a: Breathe Fire, Berserk, Trog's Hand, Brothers in Arms, Burn Spellbooks,
Renounce Religion


You were on level 5 of the Dungeon.
You worshipped Trog.
Trog was greatly pleased with you.
You were not hungry.

You visited 1 branch of the dungeon, and saw 5 of its levels.

You collected 256 gold pieces.

Inventory:

Hand Weapons
 a - a +1 hand axe (weapon)
Armour
 p - a +2 cloak (worn)
Jewellery
 q - a ring of positive energy (left hand)
Scrolls
 f - a scroll of teleportation
 h - 4 scrolls of remove curse
 n - a scroll of amnesia
Potions
 c - a potion of flight {unknown}
 d - 2 potions of might
 j - 2 potions of brilliance
 m - a potion of invisibility {unknown}
 o - 2 potions of ambrosia
 r - a potion of heal wounds {unknown}
 v - a potion of mutation {unknown}
Comestibles
 b - 3 bread rations
 g - 3 chunks of flesh
 i - a fruit
 s - 2 meat rations
 w - a royal jelly


   Skills:
 - Level 3.2 Fighting
 * Level 6.7 Axes
 + Level 4.9 Dodging


You had 6 spell levels left.
You didn't know any spells.

Dungeon Overview and Level Annotations

Branches:
Dungeon (5/15)             Temple (0/1) D:4

Altars:
Elyvilon
Trog
Uskayaw

Annotations:
D:5 Ijyb


Innate Abilities, Weirdness & Mutations

You can breathe blasts of fire.
Your fiery red scales are hard. (AC +6)
You cannot fit into any form of body armour.
Your flesh is heat resistant. (rF+)
You are cold-blooded and may be slowed by cold attacks.


Message History

Ijyb hits you but does no damage.
You hit Ijyb but do no damage.
Ijyb is heavily wounded.
Ijyb barely misses you.
You closely miss Ijyb.
Ijyb is heavily wounded.
Ijyb closely misses you.
You barely miss Ijyb.
Ijyb is heavily wounded.
Ijyb closely misses you.
You hit Ijyb but do no damage.
Your tail-slap misses Ijyb.
Ijyb is heavily wounded.
Ijyb zaps a wand.
The bolt of acid hits you! The acid corrodes you!
You are splashed with acid!
The acid burns!
* * * LOW HITPOINT WARNING * * *
You hit Ijyb but do no damage.
Ijyb is heavily wounded.
Ijyb misses you.
You feel better.
Ijyb zaps a wand.
The bolt of acid hits you!
You die...

...# ...# ...#
#######...#
##.........#.........
#..........#.........
#.....$....#.........
#......@g..#.........
##....##...#.........
##....##...#.........
#......#...#.........
+......#...#.........
##...#######.........
.####...#......#######..
........#......#
........'....(.#


You could see Ijyb.

Vanquished Creatures
  An ogre (D:4)
  A big kobold (D:4)
  A centaur skeleton (D:4)
  Terence (D:3)
  4 orc wizards (D:3)
  3 gnolls (D:3)
  5 adders
  A shadow imp (D:5)
  2 oozes
  5 worms
  2 dart slugs
  4 leopard geckos
  11 orcs
  5 giant cockroaches
  9 hobgoblins
  2 jackals (D:2)
  33 kobolds
  2 quokkas
  6 bats
  8 frilled lizards
  9 goblins
  11 rats
126 creatures vanquished.

Notes
Turn   | Place    | Note
-------+----------+-------------------------------------------
     0 | D:1      | KristoblXynda the Draconian Berserker began the quest for the Orb.
     0 | D:1      | Reached XP level 1. HP: 19/19 MP: 1/1
    71 | D:1      | Reached XP level 2. HP: 26/26 MP: 2/2
   221 | D:1      | Reached ** piety under Trog
   300 | D:1      | Reached XP level 3. HP: 25/31 MP: 3/3
   582 | D:2      | Found a hide-covered altar of Uskayaw.
   643 | D:2      | Noticed a hand axe
   660 | D:2      | Noticed a hand axe
   677 | D:2      | Reached skill level 4 in Axes
   904 | D:2      | Found a white marble altar of Elyvilon.
  1006 | D:2      | Reached XP level 4. HP: 38/38 MP: 4/4
  1197 | D:3      | Reached *** piety under Trog
  1245 | D:3      | Reached XP level 5. HP: 33/45 MP: 5/5
  1522 | D:3      | Noticed Terence
  1532 | D:3      | Reached skill level 5 in Axes
  1536 | D:3      | Killed Terence
  1889 | D:3      | Reached XP level 6. HP: 22/51 MP: 6/6
  2337 | D:4      | Found a bloodstained altar of Trog.
  2492 | D:4      | Reached **** piety under Trog
  2492 | D:4      | Reached skill level 6 in Axes
  2931 | D:4      | Found a staircase to the Ecumenical Temple.
  3231 | D:4      | Your scales start taking on a fiery red colour.
  3231 | D:4      | Reached XP level 7. HP: 57/57 MP: 7/7
  3231 | D:4      | Gained mutation: Your flesh is heat resistant. (rF+) [Red Draconian growth]
  3367 | D:5      | Entered Level 5 of the Dungeon
  3398 | D:5      | Noticed Ijyb
  3414 | D:5      | Killed from afar by Ijyb

Vault maps used:
D:1:      minmay_arrival_wavy_path, st_stairs_11
D:2:      cheibrodos_old_hovel, dancing_weapons_uskayaw, lemuel_round_altar,
          roderic_roman_lattice
D:3:      first_bread, uniq_terence
D:4:      kennysheep_kobold_camp, kennysheep_mini_moat,
          minmay_temple_entry_from_below_b
D:5:      marbit_many_paths, uniq_ijyb

Skill      XL: |  1  2  3  4  5  6 |
---------------+-------------------+-----
Dodging        | 3 4 |  4.9
Axes           | 4 5 6 |  6.7
Fighting       | |  3.2

Action                   |  1- 3 |  4- 6 |  7- 9 || total
-------------------------+-------+-------+-------++-------
Melee: Hand axe          |   118 |   210 |    21 ||   349
       Tailslap          |     9 |    22 |     2 ||    33
Invok: Berserk           |     1 |     3 |       ||     4
       Trog's Hand       |       |     1 |       ||     1
  Use: Scroll            |       |    11 |     1 ||    12
       Potion            |       |     1 |     1 ||     2
  Eat: Chunk             |     1 |     6 |     2 ||     9
       Fruit             |       |     4 |       ||     4
Armor: Skin              |    45 |    93 |     5 ||   143
Dodge: Dodged            |    78 |   158 |    13 ||   249
